MLB
COLORADO ROCKIES @ WASHINGTON NATIONALS
07/25/2023
 
TOP OF THE 1ST
Colorado Rockies batting - Pitching for Washington Nationals : RHP Brandon Woodruff
Pitching: RHP Brandon Woodruff
Batting: RHB Byron Buxton 0-0: Ball
1-0: Swinging Strike
1-1: Ground out 5-3 (Groundball, 56S, EV 88.8 MPH)
Batting: RHB Luis Robert 0-0: Ball
1-0: Ground out 1-3 (Groundball, 15S, EV 65.0 MPH)
Batting: RHB Aaron Judge 0-0: Ball
1-0: Swinging Strike
1-1: Ball
2-1: Swinging Strike
2-2: Strikes out swinging
Top of the 1st over - 0 runs, 0 hits, 0 errors, 0 left on base; Colorado 0 - Washington 0
BOTTOM OF THE 1ST
Washington Nationals batting - Pitching for Colorado Rockies : RHP Kyle Wright
Pitching: RHP Kyle Wright
Batting: RHB Manuel Margot 0-0: Ball
1-0: Ball
2-0: Ball
3-0: Called Strike
3-1: Fly out, F9 (Flyball, 9, EV 75.0 MPH)
Batting: RHB Andrelton Simmons 0-0: Ball
1-0: Called Strike
1-1: Ball
2-1: Ground out 5-3 (Groundball, 56S, EV 90.6 MPH)
Batting: LHB Nolan Gorman 0-0: Fly out, F2 (Popup, 2R, EV 91.9 MPH)
Bottom of the 1st over - 0 runs, 0 hits, 0 errors, 0 left on base; Colorado 0 - Washington 0
TOP OF THE 2ND
Colorado Rockies batting - Pitching for Washington Nationals : RHP Brandon Woodruff
Batting: LHB Shohei Ohtani 0-0: Called Strike
0-1: Ball
1-1: Foul Ball, location: 2F
1-2: Strikes out swinging
Batting: RHB Pete Alonso 0-0: Called Strike
0-1: Fly out, F8 (Line Drive, 78M, EV 101.3 MPH)
Batting: LHB Gavin Lux 0-0: Swinging Strike
0-1: Swinging Strike
0-2: Ball
1-2: Ball
2-2: Foul Ball, location: 2F
2-2: Foul Ball, location: 23F
2-2: Strikes out looking
Top of the 2nd over - 0 runs, 0 hits, 0 errors, 0 left on base; Colorado 0 - Washington 0
BOTTOM OF THE 2ND
Washington Nationals batting - Pitching for Colorado Rockies : RHP Kyle Wright
Batting: RHB Giancarlo Stanton 0-0: Ball
1-0: Ball
2-0: Ball
3-0: Called Strike
3-1: Base on Balls
Batting: LHB Anthony Rizzo 0-0: Ball
1-0: Ball
2-0: Swinging Strike
2-1: Ball
3-1: Foul Ball, location: 2F
3-2: SINGLE (Line Drive, 4D, EV 108.8 MPH)
Giancarlo Stanton to second
Batting: LHB David Peralta 0-0: Called Strike
0-1: Fly out, F8 (Flyball, 8LD, EV 95.0 MPH)
Batting: RHB Jose Iglesias 0-0: TRIPLE (Line Drive, 9LD, EV 104.4 MPH)
Giancarlo Stanton scores
Anthony Rizzo scores
Batting: RHB Michael A. Taylor 0-0: Ball
1-0: Ball
2-0: Called Strike
2-1: Ground out 5-3 (Groundball, 56S, EV 70.0 MPH)
Jose Iglesias scores
Batting: RHB Mike Zunino 0-0: Ball
1-0: Ball
2-0: Ball
3-0: Called Strike
3-1: Fly out, F7 (Flyball, 7S, EV 91.3 MPH)
Bottom of the 2nd over - 3 runs, 2 hits, 0 errors, 0 left on base; Colorado 0 - Washington 3
TOP OF THE 3RD
Colorado Rockies batting - Pitching for Washington Nationals : RHP Brandon Woodruff
Batting: RHB J.T. Realmuto 0-0: Ball
1-0: Foul Ball, location: 2F
1-1: Foul Ball, location: 25F
1-2: Foul Ball, location: 2RF
1-2: Fly out, F8 (Flyball, 8LD, EV 103.1 MPH)
Batting: RHB Willy Adames 0-0: Swinging Strike
0-1: Ball
1-1: Foul Ball, location: 2RF
1-2: Strikes out swinging
Batting: RHB Christopher Morel 0-0: Ball
1-0: Ball
2-0: Called Strike
2-1: Swinging Strike
2-2: Strikes out swinging
Top of the 3rd over - 0 runs, 0 hits, 0 errors, 0 left on base; Colorado 0 - Washington 3
BOTTOM OF THE 3RD
Washington Nationals batting - Pitching for Colorado Rockies : RHP Kyle Wright
Batting: RHB Manuel Margot 0-0: Ball
1-0: SINGLE (Groundball, 23, EV 66.9 MPH) (infield hit)
Batting: RHB Andrelton Simmons 0-0: Ball
1-0: SINGLE (Line Drive, 7S, EV 100.0 MPH)
Manuel Margot to second
Batting: LHB Nolan Gorman 0-0: Ball
1-0: Ball
2-0: Foul Ball, location: 2F
2-1: Foul Ball, location: 9LSF
2-2: Ball
3-2: Strikes out swinging
Batting: RHB Giancarlo Stanton 0-0: Ball
1-0: DOUBLE (Flyball, 8RXD, EV 105.6 MPH)
Manuel Margot scores
Andrelton Simmons to third
Runner from 3rd tries for Home, SAFE, throw by CF to home
Batting: LHB Anthony Rizzo 0-0: Foul Ball, location: 3F
0-1: Ground out 6-3 (Groundball, 4MD, EV 103.8 MPH)
Batting: LHB David Peralta 0-0: Called Strike
0-1: Ball
1-1: Ball
2-1: Foul Ball, location: 7LMF
2-2: Strikes out swinging
Bottom of the 3rd over - 2 runs, 3 hits, 0 errors, 1 left on base; Colorado 0 - Washington 5
TOP OF THE 4TH
Colorado Rockies batting - Pitching for Washington Nationals : RHP Brandon Woodruff
Batting: RHB Byron Buxton 0-0: Ball
1-0: Foul Ball, location: 7LSF
1-1: SOLO HOME RUN (Flyball, 7LD, EV 95.6 MPH), Distance : 340 ft
Batting: RHB Luis Robert 0-0: Ball
1-0: Fly out, F9 (Flyball, 89M, EV 79.4 MPH)
Batting: RHB Aaron Judge 0-0: Swinging Strike
0-1: Called Strike
0-2: Ball
1-2: Strikes out swinging
Batting: LHB Shohei Ohtani 0-0: Ground out 4-3 (Groundball, 4, EV 89.4 MPH)
Top of the 4th over - 1 run, 1 hit, 0 errors, 0 left on base; Colorado 1 - Washington 5
BOTTOM OF THE 4TH
Washington Nationals batting - Pitching for Colorado Rockies : RHP Kyle Wright
Pitching: LHP Keegan Akin
Batting: RHB Jose Iglesias 0-0: Foul Ball, location: 2F
0-1: Ground out 6-3 (Groundball, 56, EV 98.1 MPH)
Batting: RHB Michael A. Taylor 0-0: Ball
1-0: Ball
2-0: Foul Ball, location: 25F
2-1: Ball
3-1: Foul Ball, location: 2F
3-2: Base on Balls
Batting: RHB Mike Zunino 0-0: Foul Ball, location: 2RF
0-1: Called Strike
0-2: Strikes out swinging
Batting: RHB Manuel Margot 0-0: Called Strike
0-1: Ball
1-1: Foul Ball, location: 2F
1-2: Foul Ball, location: 5F
1-2: Foul Ball, location: 3F
1-2: Foul Ball, location: 7LMF
1-2: Ground out 4-3 (Groundball, 4, EV 89.4 MPH)
Bottom of the 4th over - 0 runs, 0 hits, 0 errors, 1 left on base; Colorado 1 - Washington 5
TOP OF THE 5TH
Colorado Rockies batting - Pitching for Washington Nationals : RHP Brandon Woodruff
Batting: RHB Pete Alonso 0-0: Ground out 6-3 (Groundball, 6, EV 80.0 MPH)
Batting: LHB Gavin Lux 0-0: Ball
1-0: Called Strike
1-1: Ball
2-1: Called Strike
2-2: Strikes out swinging
Batting: RHB J.T. Realmuto 0-0: Ball
1-0: Called Strike
1-1: Ball
2-1: Ball
3-1: SINGLE (Line Drive, 34D, EV 94.4 MPH)
Batting: RHB Willy Adames 0-0: Ball
1-0: Called Strike
1-1: Ball
2-1: Swinging Strike
2-2: Strikes out swinging
Top of the 5th over - 0 runs, 1 hit, 0 errors, 1 left on base; Colorado 1 - Washington 5
BOTTOM OF THE 5TH
Washington Nationals batting - Pitching for Colorado Rockies : LHP Keegan Akin
Batting: RHB Andrelton Simmons 0-0: Ball
1-0: Ground out 5-3 (Groundball, 56, EV 103.8 MPH)
Batting: LHB Nolan Gorman 0-0: Ball
1-0: Ball
2-0: Swinging Strike
2-1: Foul Ball, location: 3DF
2-2: Ball
3-2: Foul Ball, location: 9LDF
3-2: Strikes out swinging, 2-3 out at first.
Pitching: RHP Cal Quantrill
Batting: RHB Giancarlo Stanton 0-0: Fly out, F9 (Flyball, 9, EV 86.3 MPH)
Bottom of the 5th over - 0 runs, 0 hits, 0 errors, 0 left on base; Colorado 1 - Washington 5
TOP OF THE 6TH
Colorado Rockies batting - Pitching for Washington Nationals : RHP Brandon Woodruff
Batting: RHB Christopher Morel 0-0: Called Strike
0-1: Ball
1-1: Ball
2-1: Ground out 2-3 (Groundball, 15S, EV 68.1 MPH)
Batting: RHB Byron Buxton 0-0: Ball
1-0: Ball
2-0: Foul Ball, location: 2F
2-1: SINGLE (Popup, 6D, EV 52.5 MPH)
Batting: RHB Luis Robert 0-0: Fly out, F7 (Line Drive, 78M, EV 97.5 MPH)
Batting: RHB Aaron Judge 0-0: Ball
1-0: Called Strike
1-1: Ball
2-1: SINGLE (Flyball, 8LS, EV 95.0 MPH)
Byron Buxton to second
Runner from 2nd tries for 3rd, SAFE, throw by CF made to third
Batting: LHB Shohei Ohtani 0-0: Called Strike
0-1: Foul Ball, location: 3FF
0-2: Ball
1-2: Ball
2-2: Strikes out swinging
Top of the 6th over - 0 runs, 2 hits, 0 errors, 2 left on base; Colorado 1 - Washington 5
BOTTOM OF THE 6TH
Washington Nationals batting - Pitching for Colorado Rockies : RHP Cal Quantrill
Batting: LHB Anthony Rizzo 0-0: Swinging Strike
0-1: Called Strike
0-2: Strikes out looking
Batting: LHB David Peralta 0-0: Called Strike
0-1: SINGLE (Line Drive, 8LS, EV 96.9 MPH)
Batting: RHB Jose Iglesias 0-0: Fly out, F3 (Line Drive, 3L, EV 63.1 MPH)
Lined into DP, U3 (Line Drive, 3L, EV 63.1 MPH)
Bottom of the 6th over - 0 runs, 1 hit, 0 errors, 0 left on base; Colorado 1 - Washington 5
TOP OF THE 7TH
Colorado Rockies batting - Pitching for Washington Nationals : RHP Brandon Woodruff
Batting: RHB Pete Alonso 0-0: Ball
1-0: Foul Ball, location: 5F
1-1: Fly out, F6 (Popup, 15S, EV 86.9 MPH)
Batting: LHB Gavin Lux 0-0: Ball
1-0: Ball
2-0: Called Strike
2-1: Foul Ball, location: 3DF
2-2: Ball
3-2: Foul Ball, location: 2F
3-2: Ground out 4-3 (Groundball, 4, EV 80.6 MPH)
Batting: RHB J.T. Realmuto 0-0: Ball
1-0: Ground out 6-3 (Groundball, 6, EV 110.0 MPH)
Top of the 7th over - 0 runs, 0 hits, 0 errors, 0 left on base; Colorado 1 - Washington 5
BOTTOM OF THE 7TH
Washington Nationals batting - Pitching for Colorado Rockies : RHP Cal Quantrill
Batting: RHB Michael A. Taylor 0-0: Ball
1-0: SINGLE (Line Drive, 4MD, EV 99.4 MPH)
Batting: RHB Mike Zunino 0-0: Ball
1-0: Fly out, F7 (Flyball, 7, EV 91.9 MPH)
Batting: RHB Manuel Margot 0-0: Called Strike
0-1: DOUBLE (Flyball, 89XD, EV 110.0 MPH)
Michael A. Taylor to third
Runner from 3rd tries for Home, SAFE, throw by RF to trailing runner, OUT at third! 9-3-5
Batting: RHB Andrelton Simmons 0-0: Ball
1-0: Ground out 5-3 (Groundball, 5S, EV 89.4 MPH)
Bottom of the 7th over - 1 run, 2 hits, 0 errors, 0 left on base; Colorado 1 - Washington 6
TOP OF THE 8TH
Colorado Rockies batting - Pitching for Washington Nationals : RHP Brandon Woodruff
Batting: RHB Willy Adames 0-0: Called Strike
0-1: Ball
1-1: Ball
2-1: Called Strike
2-2: Fly out, F5 (Popup, 5S, EV 75.0 MPH)
Pitching: RHP Alex Reyes
Batting: RHB Christopher Morel 0-0: Ground out 5-3 (Groundball, 56S, EV 64.4 MPH)
Batting: RHB Byron Buxton 0-0: Swinging Strike
0-1: Ball
1-1: Swinging Strike
1-2: Ball
2-2: Strikes out swinging
Top of the 8th over - 0 runs, 0 hits, 0 errors, 0 left on base; Colorado 1 - Washington 6
BOTTOM OF THE 8TH
Washington Nationals batting - Pitching for Colorado Rockies : RHP Cal Quantrill
Batting: LHB Nolan Gorman 0-0: Called Strike
0-1: Foul Ball, location: 7LDF
0-2: Ball
1-2: Ball
2-2: Strikes out swinging
Batting: RHB Giancarlo Stanton 0-0: Ball
1-0: Ball
2-0: Foul Ball, location: 2F
2-1: SINGLE (Groundball, 56D, EV 96.3 MPH)
Batting: LHB Anthony Rizzo 0-0: Grounds into double play, 4-6-3 (Groundball, 34S, EV 91.3 MPH)
Bottom of the 8th over - 0 runs, 1 hit, 0 errors, 0 left on base; Colorado 1 - Washington 6
TOP OF THE 9TH
Colorado Rockies batting - Pitching for Washington Nationals : RHP Alex Reyes
Batting: RHB Luis Robert 0-0: Ball
1-0: Ground out 3-1 (Groundball, 34, EV 96.9 MPH)
Batting: RHB Aaron Judge 0-0: Fly out, F7 (Flyball, 7, EV 86.3 MPH)
Batting: LHB Shohei Ohtani 0-0: Ball
1-0: Ball
2-0: Ball
3-0: Base on Balls
Batting: RHB Pete Alonso 0-0: Ball
1-0: Ball
2-0: Called Strike
2-1: Ball
3-1: Called Strike
3-2: Strikes out looking
Top of the 9th over - 0 runs, 0 hits, 0 errors, 1 left on base; Colorado 1 - Washington 6
Tuesday, October 3rd , 2023 - OOTP Baseball 24.9 Build 80